 Dungeon Crawl Stone Soup version 0.28-a0-577-gb193047a1f (webtiles) character file.

Game seed: 14630839195969666840

17220 crescentfresh the Fighter (level 12, -4/130 HPs)
             Began as an Ogre Hedge Wizard on Sept 30, 2021.
             Was an Initiate of Gozag.
             Slain by a blink frog (12 damage)
             ... on level 1 of the Lair of Beasts on Oct 1, 2021.
             The game lasted 01:30:47 (22974 turns).

crescentfresh the Fighter (Ogre Hedge Wizard)      Turns: 22974, Time: 01:30:48

Health: -4/130     AC:  6    Str: 18    XL:     12   Next: 45%
Magic:  26/28      EV:  9    Int: 18    God:    Gozag
Gold:   1416       SH:  0    Dex:  8    Spells: 8/21 levels left

rFire   . . .      SeeInvis .   b - +1 whip (elec)
rCold   . . .      Faith    .   (no shield)
rNeg    . . .      Spirit   .   m - +0 animal skin
rPois   .          Reflect  .   c - +2 hat
rElec   .          Harm     .   G - +0 cloak
rCorr   .          Rampage  .   (gloves unavailable)
Will    +....                   (boots unavailable)
Stlth   +.........              (no amulet)
HPRegen 0.31/turn               r - ring of magical power
MPRegen 0.21/turn               y - ring of wizardry

@: about to teleport, studying Hexes
A: large, unfitting armour, tough skin 1
a: Renounce Religion, Potion Petition, Call Merchant, Bribe Branch


You were on level 1 of the Lair of Beasts.
You worshipped Gozag.
Gozag was most pleased with you.
You visited 3 branches of the dungeon, and saw 13 of its levels.
You also visited: Sewer.

You collected 1903 gold pieces.
You spent 392 gold pieces at shops.
You paid 95 gold pieces to Gozag.

Inventory:

Hand Weapons
 b - a +1 whip of electrocution (weapon)
 n - a +5 eveningstar
Armour
 c - a +2 hat (worn)
 m - a +0 animal skin (worn)
 G - a +0 cloak (worn)
Magical Staves
 e - a staff of earth
Jewellery
 k - a ring of positive energy
 r - a ring of magical power (left hand)
 w - a ring of protection from fire
 y - a ring of wizardry (right hand)
Wands
 d - a wand of paralysis (8)
 x - a wand of digging (4)
 z - a wand of polymorph (9)
Scrolls
 g - 5 scrolls of identify
 p - 2 scrolls of magic mapping
 q - 2 scrolls of blinking
 u - a scroll of fear
 v - a scroll of teleportation
 D - a scroll of torment
 E - 2 scrolls of fog
 F - 4 scrolls of enchant armour
Potions
 a - a potion of resistance
 h - a potion of heal wounds
 i - 3 potions of mutation
 j - 3 potions of brilliance
 l - 4 potions of flight
 o - a potion of lignification
 s - 2 potions of curing
 t - a potion of magic
 A - a potion of invisibility
 B - 5 potions of cancellation
 C - a potion of might
 H - a potion of attraction


   Skills:
 + Level 11.5 Fighting
 + Level 8.1 Maces & Flails
 - Level 1.7 Dodging
 - Level 1.4 Stealth
 - Level 5.0 Spellcasting
 + Level 6.8 Conjurations
 - Level 3.0 Summonings
 - Level 5.0 Translocations
 - Level 5.0 Air Magic
 + Level 6.8 Earth Magic
 - Level 5.0 Poison Magic
 + Level 4.0 Evocations


You had 8 spell levels left.
You knew the following spells:

 Your Spells              Type           Power      Damage    Failure   Level
a - Magic Dart            Conj           100%       1d8       1%          1
b - Call Imp              Summ           15%        N/A       2%          2
c - Blink                 Tloc           N/A        N/A       1%          2
d - Mephitic Cloud        Conj/Pois/Air  24%        N/A       1%          3
e - Stone Arrow           Conj/Erth      58%        3d10      1%          3
f - Passwall              Tmut/Erth      13%        N/A       1%          2

Your spell library contained the following spells:

 Spells                   Type           Power      Damage    Failure   Level
 Sandblast                Erth           58%        2d13      1%          1
 Poisonous Vapours        Pois/Air       44%        N/A       1%          2
 Static Discharge         Conj/Air       25%        N/A       1%          2
 Gell's Gravitas          Tloc           11%        N/A       1%          3
 Lesser Beckoning         Tloc           22%        N/A       1%          3
 Teleport Other           Tloc           22%        N/A       1%          3
 Corpse Rot               Necr/Air       N/A        N/A       2%          2
 Conjure Flame            Conj/Fire      16%        6-21      4%          3
 Passage of Golubria      Tloc           N/A        N/A       7%          4
 Scorch                   Fire           8%         2d5       9%          2
 Slow                     Hex            4%         N/A       9%          2
 Sublimation of Blood     Necr           2%         N/A       9%          2
 Flame Wave               Conj/Fire      16%        3d5       13%         4
 Petrify                  Tmut/Erth      16%        N/A       13%         4
 Lightning Bolt           Conj/Air       12%        1d26      13%         5
 Inner Flame              Hex/Fire       4%         N/A       16%         3
 Ozocubu's Armour         Ice            4%         N/A       16%         3
 Tukima's Dance           Hex            4%         N/A       16%         3
 Irradiate                Conj/Tmut      8%         3d16      34%         5
 Cause Fear               Hex            2%         N/A       45%         4
 Silence                  Hex/Air        6%         N/A       45%         5
 Conjure Ball Lightning   Conj/Air       12%        3x3d6     56%         6
 Yara's Violent Unravell  Hex/Tmut       2%         3d3       78%         5
 Summon Cactus Giant      Summ           7%         N/A       90%         6
 Ozocubu's Refrigeration  Ice            2%         4d5       100%        7
 Discord                  Hex            2%         N/A       100%        8
 Disjunction              Tloc           11%        N/A       100%        8
 Lehudib's Crystal Spear  Conj/Erth      14%        10d5      100%        8
 Maxwell's Capacitive Co  Air            11%        ∞         100%        8


Dungeon Overview and Level Annotations

Branches:
Dungeon (10/15)            Temple (1/1) D:6            Lair (2/6) D:10
  Sewer (visited)
  Swamp: Lair:2-4    Shoals: Lair:2-4     Snake: Lair:2-4    Spider: Lair:2-4
    Orc: D:9-12

Altars:
Ashenzari
Cheibriados
Dithmenos
Elyvilon
Fedhas
Gozag
Hepliaklqana
Kikubaaqudgha
Makhleb
Nemelex Xobeh
Okawaru
Qazlal
Ru
Sif Muna
Trog
Uskayaw
Vehumet
Wu Jian
Xom
Yredelemnul
Zin
The Shining One

Shops:
D:9 ?


Innate Abilities, Weirdness & Mutations

You are too large for most types of armour.
You have tough skin. (AC +1)


Message History

The blink frog blinks!
There is a stone staircase leading down here.
The blink frog blinks!
There is a stone staircase leading up, spattered with blood here.
The blink frog blinks!
The blink frog hits you but does no damage.
There is a stone staircase leading up, spattered with blood here.
The blink frog barely misses you. The blink frog hits you!
* * * LOW HITPOINT WARNING * * *
The blink frog blinks!
The blink frog hits you!
* * * LOW HITPOINT WARNING * * *
You climb upwards.
There is a stone staircase leading down here.
You see here 3 potions of degeneration.
Casting: Stone Arrow (safe; 1% risk of failure)
Confirm with . or Enter, or press ? or * to list all spells.
Aiming: Stone Arrow (safe; 1% risk of failure)
Press: ? - help, Shift-Dir - straight line, f - blink frog
Aim: a blink frog (50% to hit)
The stone arrow misses the blink frog.
The blink frog hits you!
* * * LOW HITPOINT WARNING * * *
The blink frog hits you.
* * * LOW HITPOINT WARNING * * *
The blink frog blinks!
The blink frog hits you!
* * * LOW HITPOINT WARNING * * *
The blink frog blinks!
Okay, then.
As you read the scroll of fear, it crumbles to dust.
You assume a fearsome visage.
The blink frog looks frightened!
The blink frog resists with some effort.
The blink frog blinks!
Okay, then.
The blink frog blinks! x2
As you read the scroll of teleportation, it crumbles to dust.
You feel strangely unstable.
You feel better. The blink frog hits you.
* * * LOW HITPOINT WARNING * * *
The blink frog hits you!
You die...
Your body crumbles into a pile of gold.

####.....###..###.#...####..#
#.....# #..P....#.## #..##
#.....###.........# ##.#
###.#.#).###.####.# ##.#
###.#...#.# #[#.##.# #..#
#...####..###......#####.#####
###.###..#...##.##..##....P#.##
####.#...≈.≈≈≈.###F.........#..
#......≈≈≈≈≈≈≈@F##.............
#....#.≈≈≈≈≈≈≈≈....P...........
##.##...≈≈≈≈≈≈≈≈≈...............
#..####.≈≈≈≈≈≈≈≈b≈#>....P.......
###.####≈≈≈≈.>≈≈≈≈≈#.............
.##...#≈.≈≈≈≈.≈≈≈≈...............
..#...##≈≈≈≈≈≈≈≈≈≈.#######§.##P..
..#..###.≈≈≈≈≈≈≈≈..## #.###...
.....####..≈≈≈≈≈≈.#.######..##.#.


You could see a blink frog.

Vanquished Creatures
  2 two-headed ogres (D:9)
  A swamp dragon (Lair:1)
  Pikel (D:4)
  An oklob plant (D:10)
  A black mamba (Lair:1)
  3 cane toads (Lair:1)
  6 komodo dragons
  A troll (D:9)
  Grinder (D:3)
  5 blink frogs (Lair:1)
  4 wyverns
  A wraith (D:10)
  2 basilisks
  Grum (D:8)
  28 yaks
  3 steam dragons
  An acid dragon (D:10)
  5 water moccasins
  2 ice beasts
  An ogre (D:5)
  3 orc warriors
  5 centaurs (D:9)
  8 wolves
  A phantom (D:4)
  A kobold brigand (D:10)
  4 bullfrogs
  4 scorpions
  A wyvern skeleton (D:6)
  5 killer bees (D:9)
  8 wights
  2 howler monkeys (D:9)
  4 centaur zombies
  2 hounds (D:5)
  5 orc priests
  A gnoll shaman (D:4)
  A jelly (D:5)
  Terence (D:2)
  7 iguanas
  An orc wizard (D:8)
  3 killer bee zombies
  A howler monkey zombie (D:9)
  Robin (D:3)
  4 gnolls (D:5)
  A howler monkey skeleton (D:4)
  3 adders (D:6)
  2 river rats (D:3)
  2 white imps
  An ufetubus (D:7)
  An adder skeleton (D:4)
  3 dart slugs
  27 orcs
  13 ball pythons
  10 bats
  8 endoplasms
  5 giant cockroaches
  15 goblins
  10 hobgoblins
  4 jackals
  14 kobolds
  3 quokkas
  6 frilled lizards
  5 rats
276 creatures vanquished.

Vanquished Creatures (collateral kills)
  A centaur (D:6)
  A kobold brigand (D:7)
  3 orcs
  2 goblins (D:3)
  A kobold (D:2)
8 creatures vanquished.

Vanquished Creatures (others)
  21 fungi
  53 plants
74 creatures vanquished.

Grand Total: 358 creatures vanquished

Notes
Turn   | Place    | Note
-------+----------+-------------------------------------------
     0 | D:1      | crescentfresh the Ogre Hedge Wizard began the quest for the
                  | Orb.
     0 | D:1      | Reached XP level 1. HP: 16/16 MP: 5/5
    30 | D:1      | Reached skill level 1 in Conjurations
    30 | D:1      | Reached skill level 1 in Summonings
   180 | D:1      | Reached XP level 2. HP: 26/26 MP: 0/6
   186 | D:1      | Reached skill level 1 in Fighting
   765 | D:1      | Reached XP level 3. HP: 33/33 MP: 6/8
  1388 | D:1      | Learned a level 2 spell: Call Imp
  1878 | D:2      | Reached skill level 2 in Fighting
  2357 | D:2      | Reached XP level 4. HP: 31/42 MP: 6/10
  2583 | D:3      | Found a shimmering altar of Xom.
  2623 | D:3      | Noticed Grinder
  2623 | D:3      | Paralysed by Grinder for 4 turns
  3037 | D:3      | Found a glowing drain.
  3042 | D:3      | Noticed Terence
  3046 | Sewer    | Entered a sewer
  3131 | Sewer    | Noticed a water moccasin
  3136 | Sewer    | Killed a water moccasin
  3137 | Sewer    | Reached skill level 3 in Fighting
  3137 | Sewer    | Reached XP level 5. HP: 53/53 MP: 12/12
  3140 | Sewer    | Learned a level 2 spell: Blink
  3144 | Sewer    | Learned a level 3 spell: Mephitic Cloud
  3498 | D:2      | Killed Terence
  3499 | D:2      | Reached skill level 1 in Translocations
  3855 | D:3      | Reached XP level 6. HP: 61/61 MP: 10/13
  3856 | D:3      | Noticed Robin
  4007 | D:3      | Found a faded altar of an unknown god.
  4115 | D:3      | Killed Grinder
  4116 | D:3      | Reached skill level 5 in Spellcasting
  4116 | D:3      | Reached skill level 1 in Air Magic
  4116 | D:3      | Reached skill level 1 in Poison Magic
  4481 | D:3      | Reached XP level 7. HP: 33/68 MP: 10/14
  4485 | D:3      | Reached skill level 4 in Fighting
  4867 | D:4      | Learned a level 3 spell: Stone Arrow
  5004 | D:3      | Killed Robin
  5885 | D:4      | Found a shadowy altar of Dithmenos.
  6226 | D:5      | Entered Level 5 of the Dungeon
  6234 | D:5      | Reached skill level 1 in Earth Magic
  6248 | D:5      | Reached XP level 8. HP: 79/79 MP: 2/15
  6457 | D:5      | Noticed Pikel
  6487 | D:4      | Killed Pikel
  6488 | D:4      | Reached skill level 5 in Fighting
  7104 | D:5      | Reached skill level 1 in Maces & Flails
  7106 | D:5      | Reached XP level 9. HP: 75/89 MP: 16/16
  8123 | D:6      | Reached skill level 6 in Fighting
  8474 | D:6      | Found a sacrificial altar of Ru.
  8893 | D:6      | Found a staircase to the Ecumenical Temple.
  8959 | Temple   | Entered the Ecumenical Temple
  9137 | Temple   | Became a worshipper of Gozag Ym Sagoz the Greedy
  9415 | D:6      | Found a white marble altar of Elyvilon.
 10263 | D:7      | Found a glowing silver altar of Zin.
 11384 | D:8      | Reached skill level 5 in Conjurations
 11680 | D:8      | Reached XP level 10. HP: 91/100 MP: 14/17
 11819 | D:8      | Reached skill level 7 in Fighting
 11876 | D:8      | HP: 1/102 [iguana (12)]
 11881 | D:8      | HP: 5/102 [iguana (13)]
 11883 | D:8      | HP: 1/102 [iguana (5)]
 12348 | D:8      | Noticed Grum
 12377 | D:8      | Killed Grum
 12378 | D:8      | Reached skill level 5 in Maces & Flails
 12568 | D:7      | Reached skill level 5 in Translocations
 13983 | D:9      | Found Ekkienil's Magic Scroll Boutique.
 14008 | D:9      | Bought a scroll of fog for 32 gold pieces
 14008 | D:9      | Bought 3 scrolls of enchant armour for 360 gold pieces
 14068 | D:9      | You fall into a shaft and drop 1 floor!
 14068 | D:10     | Entered Level 10 of the Dungeon
 14089 | D:10     | Reached skill level 5 in Air Magic
 14143 | D:10     | Reached skill level 8 in Fighting
 14143 | D:10     | Reached skill level 5 in Poison Magic
 14323 | D:10     | Found a broken altar of Ashenzari.
 15042 | D:9      | Reached XP level 11. HP: 100/111 MP: 18/18
 15046 | D:9      | Reached skill level 5 in Earth Magic
 15609 | D:9      | Reached skill level 9 in Fighting
 17255 | D:10     | Noticed a two-headed ogre
 17522 | D:9      | Killed a two-headed ogre
 17618 | D:9      | Learned a level 2 spell: Passwall
 17685 | D:10     | Noticed a two-headed ogre
 17729 | D:9      | Killed a two-headed ogre
 17730 | D:9      | Reached skill level 1 in Evocations
 17998 | D:10     | Found a staircase to the Lair.
 17998 | D:10     | Noticed an oklob plant
 18290 | D:10     | Killed an oklob plant
 18491 | Lair:1   | Entered Level 1 of the Lair of Beasts
 18551 | Lair:1   | Reached skill level 10 in Fighting
 18868 | Lair:1   | Found a white marble altar of Elyvilon.
 19775 | Lair:1   | Reached XP level 12. HP: 112/128 MP: 6/19
 20565 | Lair:1   | Noticed Urug
 20572 | Lair:1   | Noticed Urug
 20572 | Lair:1   | Urug changed into Urug the swamp dragon
 20904 | Lair:1   | Killed Urug the swamp dragon
 20905 | Lair:1   | Reached skill level 11 in Fighting
 22022 | Lair:1   | Upgraded the game from 0.28-a0-563-gf77a47075d to
                  | 0.28-a0-577-gb193047a1f
 22967 | Lair:1   | HP: 4/130 [blink frog (15)]
 22974 | Lair:1   | Slain by a blink frog

Illustrated notes

Levels and vault maps discovered:
D:1:      dpeg_arrival_pits, layout_loops_corners, st_stairs_13
D:2:      layout_basic, guppyfry_early_lair_pool
D:3:      layout_rooms, mainiacjoe_overflow_alcove_1, portal_sewer_entry_a,
          chequers_ecumenical_altar_grove, minmay_vboxes, uniq_terence,
          uniq_robin, uniq_grinder
D:4:      layout_cave_pools, nicolae_dithmenos_the_darkroom,
          minmay_manual_monstrance
D:5:      layout_loops_ring, uniq_pikel
D:6:      layout_basic, nicolae_overflow_crystal_walls,
          nicolae_elyvilon_peaceful_grove, minmay_temple_entry_drinking_statues
D:7:      layout_rooms, zin_statuary, chequers_serial_rivers_micro_b,
          grunt_tough_drop
D:8:      layout_loops_ring, minmay_lizard_king, uniq_grum
D:9:      layout_stronghold, serial_shops, shop_fountains
D:10:     layout_cave_pools, lemuel_doored_altar, dpeg_oklobed_lair,
          minmay_between
Temple:   kb_temple_of_zot
Lair:1:   layout_loops_ring, basic_altar, chequers_serial_rivers_micro_a,
          grunt_forest_small_clearings, infiniplex_staircase_pool_2,
          lemuel_fruit_fields, uniq_urug
Lair:2:   layout_regular_city, palyth_hydra_swamp_entry,
          guppyfry_snake_entry_garden, grunt_megastairs_1

Skill      XL: |  1  2  3  4  5  6  7  8  9 10 11 12 |
---------------+-------------------------------------+-----
Conjurations   | 1 2 3 4 5 6 |  6.8
Summonings     | 1 2 3 |  3.0
Fighting       | 1 2 3 4 5 6 8 10 11 | 11.5
Spellcasting   | 4 5 |  5.0
Translocations | 1 2 3 4 5 |  5.0
Air Magic      | 1 2 3 4 5 |  5.0
Poison Magic   | 1 2 3 4 5 |  5.0
Earth Magic    | 1 2 3 4 6 |  6.8
Maces & Flails | 1 4 6 7 8 |  8.1
Evocations     | 2 4 |  4.0
Dodging        | |  1.7
Stealth        | |  1.4

Action                   |  1- 3 |  4- 6 |  7- 9 | 10-12 || total
-------------------------+-------+-------+-------+-------++-------
Melee: Dagger            |    43 |   119 |   131 |       ||   293
       Whip              |       |       |   182 |   390 ||   572
 Cast: Magic Dart        |    93 |    32 |   160 |    59 ||   344
       Call Imp          |       |     3 |    15 |    25 ||    43
       Blink             |       |     2 |       |       ||     2
       Mephitic Cloud    |       |       |    22 |    38 ||    60
       Stone Arrow       |       |       |     7 |   117 ||   124
       Passwall          |       |       |       |     1 ||     1
Evoke: Wand              |       |     4 |       |     1 ||     5
  Use: Scroll            |       |     7 |    13 |    11 ||    31
       Potion            |       |     1 |     1 |     6 ||     8
 Stab: Confused          |       |       |     2 |     9 ||    11
       Distracted        |       |       |     1 |     1 ||     2
       Sleeping          |       |       |     1 |     1 ||     2
Armor: Robe              |    15 |    54 |    17 |       ||    86
       Animal skin       |       |       |    64 |   110 ||   174
       Skin              |       |       |       |    56 ||    56
Dodge: Dodged            |    23 |    86 |   137 |   169 ||   415

Table legend: (Time is in decaauts)
 A = Elapsed time spent in this place.
 B = Non-inter-level travel time spent in this place.
 C = Inter-level travel time spent in this place.
 D = Time resting spent in this place.
 E = Time spent auto-exploring this place.
 F = Levels seen in this place.
 G = Mean time per level.
                   A        B        C        D        E       F      G
               +--------+--------+--------+--------+--------+-----+--------+
         Total |  22971 |  22518 |    453 |   9097 |   8539 |  14 | 1640.8 |
       Dungeon |  18736 |  18330 |    406 |   6851 |   7806 |  10 | 1873.6 |
        Temple |    205 |    205 |      0 |      0 |     92 |   1 |  205.0 |
          Lair |   3883 |   3837 |     46 |   2246 |    571 |   2 | 1941.5 |
         Sewer |    145 |    145 |      0 |      0 |     69 |   1 |  145.0 |
               +--------+--------+--------+--------+--------+-----+--------+

Top non-repeatable levels by time:
  Lair:1: 3319 daAuts
     D:8: 2932 daAuts
    D:10: 2332 daAuts
     D:9: 2233 daAuts
     D:3: 2110 daAuts
     D:7: 1721 daAuts
     D:2: 1664 daAuts
     D:6: 1576 daAuts
     D:5: 1436 daAuts
     D:1: 1402 daAuts
     D:4: 1325 daAuts
  Lair:2: 564 daAuts
  Temple: 205 daAuts
   Sewer: 145 daAuts
